 Dungeon Crawl Stone Soup version 0.19.6-3-g7d5932f76a (webtiles) character file.

25 EnegeticOcto the Conjurer (level 2, -1/17 HPs)
             Began as a High Elf Conjurer on Feb 8, 2021.
             Slain by a gnoll
             ... wielding a cursed +0 spear
              (8 damage)
             ... on level 3 of the Dungeon.
             The game lasted 00:01:01 (141 turns).

EnegeticOcto the Conjurer (High Elf Conjurer)        Turns: 141, Time: 00:01:01

Health: -1/17      AC:  2    Str:  7    XL:     2   Next: 86%
Magic:  1/6        EV: 13    Int: 18    God:
Gold:   0          SH:  0    Dex: 15    Spells: 1 memorised, 4 levels left

rFire  . . .     SeeInvis .     (no weapon)
rCold  . . .     Gourm    .     a - +0 robe
rNeg   . . .     Faith    .     (no shield)
rPois  .         Spirit   .     (no helmet)
rElec  .         Reflect  .     (no cloak)
rCorr  .         Harm     .     (no gloves)
MR     .....                    (no boots)
Stlth  ++........               (no amulet)
                                (no ring)
                                (no ring)

@: no status effects
A: no striking features
a: no special abilities


You were on level 3 of the Dungeon.
You were not hungry.

You visited 1 branch of the dungeon, and saw 3 of its levels.

Inventory:

Missiles
 d - 5 stones
Armour
 a - a +0 robe (worn)
Books
 b - a book of Conjurations

   Spells                             Type                      Level
   a - Magic Dart                     Conjuration                  1
   b - Searing Ray                    Conjuration                  2
   c - Dazzling Spray                 Conjuration/Hexes            3
   d - Fulminant Prism                Conjuration/Hexes            4
   e - Iskenderun's Mystic Blast      Conjuration                  4
   f - Iskenderun's Battlesphere      Conjuration/Charms           5
Comestibles
 c - 2 bread rations


   Skills:
 - Level 2.1 Dodging
 - Level 2.1 Stealth
 - Level 2.4 Spellcasting
 + Level 5.4 Conjurations


You had 4 spell levels left.
You knew the following spells:

 Your Spells              Type           Power        Failure   Level  Hunger
a - Magic Dart            Conj           ###.         1%          1    #......


Dungeon Overview and Level Annotations

Branches:
Dungeon (3/15)

Altars:


Message History

Confirm with . or Enter, or press ? or * to list all spells.
Aiming: Magic Dart
Press: ? - help, Shift-Dir - straight line, f - bat
Aim: a bat The magic dart hits the bat.
You kill the bat!
There is a stone staircase leading down here.
You climb downwards.
Found a bread ration.
There is a stone staircase leading up here.
Found an escape hatch in the floor.
c - 2 bread rations (gained 1)
You open the door.
An adder and 2 kobolds come into view.
The kobold shouts! x2; The adder hisses angrily.
Found 20 stones and a dagger.
Casting: Magic Dart
Confirm with . or Enter, or press ? or * to list all spells.
Aiming: Magic Dart
Press: ? - help, Shift-Dir - straight line, f - adder
Aim: an adder The magic dart hits the adder.
The adder is severely wounded.
Casting: Magic Dart
Confirm with . or Enter, or press ? or * to list all spells.
Aiming: Magic Dart
Press: ? - help, Shift-Dir - straight line, f/p - adder
Aim: an adder (severely wounded)
The magic dart hits the adder.
You kill the adder!
Your Conjurations skill increases to level 5!
You have reached level 2!
The kobold throws a stone.
The stone hits you but does no damage.
The kobold throws a stone.
The stone closely misses you.
There is an escape hatch in the floor here.
Really go through this one-way escape hatch?
The kobold throws a stone.
The stone hits you but does no damage.
You slide downwards.
The hatch slams shut behind you.
An adder and a gnoll come into view.
The gnoll shouts!
The gnoll throws a throwing net.
The throwing net hits you.
You become entangled in the net!
You see here a throwing net {!f}.
Okay, then.
You struggle against the net.
You struggle against the net.
A gnoll comes into view. It is wielding a halberd.
You struggle against the net.
You rip the net and break free!
The gnoll shouts!
The adder misses you. The adder closely misses you.
The adder barely misses you.
Found a bread ration.
The adder barely misses you. The adder closely misses you.
You see here a bread ration.
Casting: Magic Dart
Confirm with . or Enter, or press ? or * to list all spells.
Aiming: Magic Dart
Press: ? - help, Shift-Dir - straight line, f - adder
Aim: an adder The magic dart hits the adder.
The adder is heavily wounded.
The adder misses you. The adder bites you.
You are poisoned.
The adder poisons you!
Casting: Magic Dart
Confirm with . or Enter, or press ? or * to list all spells.
Aiming: Magic Dart
Press: ? - help, Shift-Dir - straight line, f/p - adder
Aim: an adder (heavily wounded)
The magic dart hits the adder.
The adder is almost dead.
You feel sick. The gnoll completely misses you. The adder barely misses you.
Found 9 poisoned needles.
You feel sick. The adder bites you.
You feel sick.
Found 10 gold pieces.
Casting: Magic Dart
Confirm with . or Enter, or press ? or * to list all spells.
Aiming: Magic Dart
Press: ? - help, Shift-Dir - straight line, f/p - adder
Aim: an adder (almost dead)
The magic dart hits the adder.
You kill the adder!
You feel sick.
You see here 9 poisoned needles.
You feel sick.
Found a leather armour.
You feel sick.
You are no longer poisoned.
You see here 9 poisoned needles.
Casting: Magic Dart
Confirm with . or Enter, or press ? or * to list all spells.
Aiming: Magic Dart
Press: ? - help, Shift-Dir - straight line, f - gnoll
Aim: a gnoll, wielding a spear The magic dart hits the gnoll.
The gnoll hits you from afar with a spear!
You die...

..[..... .......
.....### .......
....# #...
.###########.#####.##
....$...@.gg.........
.####..#####.####.#
#.####...g(g..#
#.#......#.####
#.#.###..#... #.#.#
#..#..... #.#g#
#.........# #.#g#
#.####....# #...# #..
....#


You could see 2 gnolls.

Vanquished Creatures
  2 adders
  An ooze (D:1)
  A bat (D:1)
  A kobold (D:1)
5 creatures vanquished.

Notes
Turn   | Place    | Note
-------+----------+-------------------------------------------
     0 | D:1      | EnegeticOcto the High Elf Conjurer began the quest for the Orb.
     0 | D:1      | Reached XP level 1. HP: 11/11 MP: 4/4
    90 | D:2      | Reached skill level 5 in Conjurations
    90 | D:2      | Reached XP level 2. HP: 13/17 MP: 0/6
   141 | D:3      | Slain by a gnoll

Skill      XL: |  1 |
---------------+----+-----
Conjurations   | 5 |  5.4
Dodging        | |  2.1
Stealth        | |  2.1
Spellcasting   | |  2.4

Action                   || total
-------------------------++-------
Melee: Unarmed           ||    12
 Cast: Magic Dart        ||    12
Armor: Robe              ||     3
Dodge: Dodged            ||    14
